 Dungeon Crawl Stone Soup version 0.30-a0-122-g2a1322497e (webtiles) character file.

Game seed: 8392815077818668581

14 NinjaNoafa the Vexing (level 2, 0/11 HPs)
             Began as a Felid Enchanter on Sept 16, 2022.
             Slain by a goblin
             ... wielding a +0 club
              (1 damage)
             ... on level 2 of the Dungeon.
             The game lasted 00:01:20 (486 turns).

NinjaNoafa the Vexing (Felid Enchanter)              Turns: 486, Time: 00:01:20

Health: 0/11       AC:  1    Str:  4    XL:     2   Next: 27%
Magic:  6/6        EV: 17    Int: 16    God:
Gold:   8          SH:  0    Dex: 16    Spells: 5/5 levels left
                                        Lives:  0   Deaths: 0

rFire   . . .      SeeInvis +      - Unarmed
rCold   . . .      Faith    .    (shield unavailable)
rNeg    . . .      Spirit   .    (body armour unavailable)
rPois   .          Reflect  .    (helmet unavailable)
rElec   .          Harm     .    (cloak unavailable)
rCorr   .          Rampage  .    (gloves unavailable)
Will    .....                    (boots unavailable)
Stlth   +++.......               (no amulet)
HPRegen 0.03/turn                (no ring)
MPRegen 0.10/turn                (no ring)

@: quick
A: very small, claws 1, fangs 3, see invisible, speed 1, shaggy fur 1, stealthy
paws, no weapons or thrown items, no armour, multi-lived
a: no special abilities


You were on level 2 of the Dungeon.
You visited 1 branch of the dungeon, and saw 2 of its levels.

You collected 8 gold pieces.

Inventory:

Scrolls
 c - 2 scrolls of blinking {unknown}
 d - a scroll of acquirement {unknown}
Potions
 a - 2 potions of invisibility
 b - a potion of degeneration {unknown}


   Skills:
 - Level 2.6 Dodging
 + Level 4.0 Stealth
 - Level 1.0 Unarmed Combat
 + Level 2.4 Spellcasting
 - Level 5.0 Hexes


You had 5 spell levels left.
You didn't know any spells.
Your spell library contained the following spells:

 Spells                   Type           Power      Damage    Failure   Level
 Confusing Touch          Hex            17%        N/A       8%          3
 Tukima's Dance           Hex            17%        N/A       8%          3
 Ensorcelled Hibernation  Hex/Ice        18%        N/A       11%         2
 Dazzling Flash           Conj/Hex       18%        N/A       22%         3


Dungeon Overview and Level Annotations

Branches:
Dungeon (1/15)

Altars:


Innate Abilities, Weirdness & Mutations

You have sharp claws.
You have razor-sharp teeth.
You have supernaturally acute eyesight. (SInv)
You cover ground quickly. (Speed+)
You are covered in fur. (AC +1)
Your paws help you pounce on unaware monsters.
You are incapable of wielding weapons or throwing items.
You cannot wear armour.
You gain extra lives every three experience levels.


Message History

The goblin shouts!
You scratch the goblin.
You kill the goblin!
The bat misses you. x2
The bat hits you.
A ball python comes into view.
The bat misses you.
Things that are here:
a +0 dagger; a goblin corpse You barely miss the bat.
You bite the bat.
The bat is severely wounded.
The bat closely misses you. The bat hits you but does no damage.
The bat barely misses you. The bat misses you.
You closely miss the bat.
The bat is severely wounded.
The bat closely misses you.
You barely miss the bat.
The bat is severely wounded.
The bat closely misses you.
You closely miss the ball python.
You bite the ball python, but do no damage.
The ball python misses you. The ball python closely misses you.
The bat hits you but does no damage.
You scratch the ball python.
You kill the ball python!
The bat misses you.
Training target 5.0 for Hexes reached!
Your Hexes skill increases to level 5!
The bat hits you but does no damage. The bat barely misses you.
You scratch the bat.
You kill the bat!
A goblin comes into view. It is wielding a +0 club.
The goblin hits you with a +0 club. The goblin misses you.
The goblin closely misses you.
You barely miss the goblin. The goblin hits you with a +0 club.
* * * LOW HITPOINT WARNING * * *
You barely miss the goblin. The goblin hits you with a +0 club.
You die...

♣♣.♣♣ ♣.♣ #.#
♣..♣ ♣♣♣ #.#
♣..♣ #.# ..♣♣
#.# .)♣ #.# .
.♣♣
♣♣♣#.####...
♣♣
♣...........
♣
♣♣.♣#..###..
♣ ♣♣♣..♣#.@#
♣
♣♣♣♣...♣♣#.g#
♣♣.♣.♣.♣♣
#..#
♣♣♣...♣♣♣♣
##.#
♣♣♣.♣†♣♣♣ #..
♣♣.♣.)♣ #.#.
...♣♣..♣
#.#..
♣♣♣♣♣♣.♣ #.#
.# .S♣ .# ..


You could see a goblin.

Vanquished Creatures
  3 endoplasms
  A giant cockroach (D:2)
  2 goblins
  A ball python (D:2)
  2 bats
  3 frilled lizards (D:2)
  2 rats (D:1)
14 creatures vanquished.

Notes
Turn   | Place    | Note
-------+----------+-------------------------------------------
     0 | D:1      | NinjaNoafa the Felid Enchanter began the quest for the Orb.
     0 | D:1      | Reached XP level 1. HP: 7/7 MP: 4/4
   126 | D:1      | You fall into a shaft and drop 1 floor!
   199 | D:2      | Reached XP level 2. HP: 11/11 MP: 6/6
   462 | D:2      | Reached skill level 5 in Hexes
   486 | D:2      | Slain by a goblin

Illustrated notes

Levels and vault maps discovered:
D:1:      wander_arrival_abandoned_jail, layout_loops_ring,
          shapermc_ecumenical_altar_rom_forum
D:2:      kb_forest_paths, layout_basic, st_stairs_1

Skill      XL: |  1  2 |
---------------+-------+-----
Hexes          | 5 |  5.0
Dodging        | |  2.6
Stealth        | |  4.0
Unarmed Combat | |  1.0
Spellcasting   | |  2.4

Action                   || total
-------------------------++-------
Melee: Unarmed           ||    33
       Bite              ||     3
 Stab: Sleeping          ||     5
Armor: Skin              ||     4
Dodge: Dodged            ||    25

Table legend: (Time is in decaauts)
 A = Elapsed time spent in this place.
 B = Non-inter-level travel time spent in this place.
 C = Inter-level travel time spent in this place.
 D = Time resting spent in this place.
 E = Time spent auto-exploring this place.
 F = Levels seen in this place.
 G = Mean time per level.
                   A        B        C        D        E       F      G
               +--------+--------+--------+--------+--------+-----+--------+
         Total |    429 |    429 |      0 |      0 |    334 |   2 |  214.5 |
       Dungeon |    429 |    429 |      0 |      0 |    334 |   2 |  214.5 |
               +--------+--------+--------+--------+--------+-----+--------+

Top non-repeatable levels by time:
     D:2: 326 daAuts
     D:1: 103 daAuts
